[Event "*** Titled Tuesday Blitz"]
[Site "Chess.com"]
[Date "2020.03.03"]
[Round "2"]
[White "semchik73"]
[Black "Vyacheslav_N"]
[Result "0-1"]
[WhiteElo "2314"]
[BlackElo "2573"]
[TimeControl "180+1"]
[EndTime "13:17:16 PST"]
[Termination "Vyacheslav_N won by resignation"]

1. Nf3 d5 2. c4 d4 3. e3 c5 4. b4 cxb4 5. Nxd4 e6 6. Bb2 a5 7. Be2 a4 8. O-O Nf6 9. d3 Be7 10. Nd2 O-O 11. Ne4 Nxe4 12. dxe4 Nc6 13. a3 b3 14. Nb5 b6 15. f4 Bb7 16. Qxd8 Rfxd8 17. Rfd1 Bc5 18. Kf2 Na5 19. Rxd8+ Rxd8 20. Nd4 Bxe4 21. g3 Kf8 22. Rc1 Ke7 23. Rd1 f6 24. g4 Nc6 25.
Nb5 Rxd1 26. Bxd1 Na5 27. Be2 Nb7 28. Nc3 Bc6 29. Bf3 Bxf3 30. Kxf3 Na5 31. Nxa4 Nxc4 32. Nxc5 bxc5 33. Bc3 b2 34. Bxb2 Nxb2 35. Ke4 Kd6 36. f5 e5 37. h4 c4 38. Kf3 c3 39. Ke2 c2 40. Kd2 Nc4+ 41. Kxc2 Nxe3+ 42. Kd3 Nxg4 43. a4 Kc5 0-1

[Event "*** Titled Tuesday Blitz"]
[Site "Chess.com"]
[Date "2020.03.03"]
[Round "2"]
[White "Bulldog167"]
[Black "x-3738459472"]
[Result "1-0"]
[WhiteElo "2751"]
[BlackElo "2544"]
[TimeControl "180+1"]
[EndTime "13:17:22 PST"]
[Termination "Bulldog167 won by resignation"]

1. d4 Nf6 2. c4 c5 3. d5 e5 4. Nc3 d6 5. e4 Be7 6. g3 Nbd7 7. Bg2 Nf8 8. Nf3 Ng6 9. O-O O-O 10.
Ne1 a6 11. Nd3 Re8 12. a4 a5 13. b3 b6 14. Bb2 Bf8 15. Kh1 Bd7 16. Qd2 Qc8 17.
Rae1 Bh3 18. f3 h5 19. Nb5 h4 20. Bxh3 Qxh3 21. g4 Rac8 22. Qe2 Nf4 23. Nxf4 exf4 24. Bxf6 gxf6 25. Nc3 Re5 26. Nd1 1-0

[Event "*** Titled Tuesday Blitz"]
[Site "Chess.com"]
[Date "2020.03.03"]
[Round "2"]
[White "Enriquack"]
[Black "Alopekos"]
[Result "0-1"]
[WhiteElo "2088"]
[BlackElo "2430"]
[TimeControl "180+1"]
[EndTime "13:17:25 PST"]
[Termination "Alopekos won by resignation"]

1. e4 c5 2. Nf3 e6 3. d4 cxd4 4. Nxd4 Nc6 5. Nb5 d6 6. c4 a6 7. N5c3 Nf6 8. Be2 Be7 9. O-O O-O 10. Be3 b6 11. Na3 Bb7 12. f3 d5 13. cxd5 exd5 14. exd5 Nb4 15. Qb3 Nbxd5 16. Rfd1 Qc7 17. Nxd5 Nxd5 18.
Rxd5 Bxd5 19. Qxd5 Bxa3 20. b3 Rae8 0-1

[Event "*** Titled Tuesday Blitz"]
[Site "Chess.com"]
[Date "2020.03.03"]
[Round "2"]
[White "PrinceMurad09"]
[Black "Pechen_Yeltsina"]
[Result "0-1"]
[WhiteElo "2516"]
[BlackElo "2722"]
[TimeControl "180+1"]
[EndTime "13:17:29 PST"]
[Termination "Pechen_Yeltsina won by resignation"]

1. e4 g6 2. d4 Bg7 3. Nc3 d6 4. Nge2 Nc6 5. h3 e5 6. Be3 Nge7 7. g3 O-O 8. Bg2 f5 9. O-O f4 10. gxf4 exf4 11. Nxf4 Nxd4 12. Bxd4 Rxf4 13. Bxg7 Kxg7 14. Qd4+ Kg8 15. Qe3 Qf8 16. Ne2 Rh4 17. f4 Bd7 18. Qg3 Qh6 19. f5 Rf8 20. f6 Nc6 21. Nf4 Ne5 22. Nd5 c6 23. Ne7+ Kh8 24. Nf5 gxf5 25.
exf5 Qxf6 26. Rad1 Rh5 27. Rd4 Rg8 28. Qe3 Rhg5 29.
Rf2 Rg3 30. Qd2 d5 31. Kh2 Rxg2+ 0-1

[Event "*** Titled Tuesday Blitz"]
[Site "Chess.com"]
[Date "2020.03.03"]
[Round "2"]
[White "Nesty_Javi_Chess"]
[Black "HajiyevKanan"]
[Result "1-0"]
[WhiteElo "2704"]
[BlackElo "2375"]
[TimeControl "180+1"]
[EndTime "13:17:34 PST"]
[Termination "Nesty_Javi_Chess won by resignation"]

1. e4 c6 2. d4 d5 3. e5 Bf5 4. c3 e6 5. Bd3 Bxd3 6. Qxd3 a6 7. Ne2 c5 8. O-O Nc6 9. f4 Qb6 10. Be3 Nh6 11. Nd2 Ng4 12. dxc5 Bxc5 13. Bxc5 Qxc5+ 14. Nd4 g6 15. h3 Nh6 16. g4 Ng8 17. Kg2 h5 18.
N2f3 hxg4 19. hxg4 O-O-O 20. Rh1 Nge7 21. Ng5 Rxh1 22.
Rxh1 Rf8 23. Ndxe6 fxe6 24. Nxe6 Nxe5 25. Nxc5 Nxd3 26.
Nxd3 Kd7 27. Rh7 Kd6 28. Kg3 a5 29. Ne5 b5 30. Rxe7 1-0

[Event "*** Titled Tuesday Blitz"]
[Site "Chess.com"]
[Date "2020.03.03"]
[Round "2"]
[White "saraswathii"]
[Black "LucaBrasi1968"]
[Result "0-1"]
[WhiteElo "2220"]
[BlackElo "2479"]
[TimeControl "180+1"]
[EndTime "13:17:36 PST"]
[Termination "LucaBrasi1968 won by resignation"]

1. e4 c6 2. d3 d5 3. Nd2 Nf6 4. Ngf3 Bg4 5. h3 Bh5 6. g4 Bg6 7. e5 Nfd7 8. d4 e6 9. Bg2 c5 10. c3 Nc6 11. O-O cxd4 12. cxd4 Be7 13. Nb3 h5 14. g5 a5 15. a4 h4 16. Be3 Nb4 17.
Qd2 Nb6 18. Rfc1 Nc4 19. Qc3 Rc8 20. Bf1 Bh5 21. Bf4 b6 22. Bxc4 dxc4 23. Ne1 Nd5 0-1

[Event "*** Titled Tuesday Blitz"]
[Site "Chess.com"]
[Date "2020.03.03"]
[Round "2"]
[White "mrkvoz"]
[Black "vpsetter"]
[Result "1-0"]
[WhiteElo "2817"]
[BlackElo "2584"]
[TimeControl "180+1"]
[EndTime "13:17:43 PST"]
[Termination "mrkvoz won by resignation"]

1. e4 e5 2. Nf3 Nc6 3. Bb5 Nf6 4. Nc3 Bc5 5. O-O O-O 6. Nxe5 Nxe5 7. d4 Bd6 8. f4 Neg4 9. e5 Be7 10. h3 d6 11.
exf6 Nxf6 12. f5 c6 13. Bd3 Qb6 14. Ne2 d5 15. c3 Re8 16. Kh1 c5 17. dxc5 Bxc5 18.
Bg5 Ne4 19. Bxe4 dxe4 20. f6 g6 21. Qe1 Be6 22. Bh6 Bc4 23. b3 Bd3 24. b4 Re7 25. bxc5 1-0

[Event "*** Titled Tuesday Blitz"]
[Site "Chess.com"]
[Date "2020.03.03"]
[Round "2"]
[White "Dale"]
[Black "marianokar"]
[Result "0-1"]
[WhiteElo "1896"]
[BlackElo "2379"]
[TimeControl "180+1"]
[EndTime "13:17:44 PST"]
[Termination "marianokar won by checkmate"]

1. c3 Nf6 2. Nf3 g6 3. d3 Bg7 4. Qa4 O-O 5. h4 h5 6. Na3 c5 7.
Bg5 d6 8. O-O-O Nc6 9. Rh3 Bxh3 10. gxh3 Rb8 11. Bg2 b5 12. Nxb5 Qb6 13. Nd2 Rfc8 14. Bxc6 Rxc6 15. Nc4 Qxb5 16. Qxa7 d5 17. b3 dxc4 18.
dxc4 Qb6 19. Qxe7 Re6 20. Bxf6 Bxf6 21. Qd7 Rd8 22. Qa4 Rxe2 23. f4 Bxc3 24. f5 Bb2+ 25. Kb1 Rxd1# 0-1

[Event "*** Titled Tuesday Blitz"]
[Site "Chess.com"]
[Date "2020.03.03"]
[Round "2"]
[White "Fandorine"]
[Black "ronaldbrizuela"]
[Result "1-0"]
[WhiteElo "2901"]
[BlackElo "2624"]
[TimeControl "180+1"]
[EndTime "13:17:45 PST"]
[Termination "Fandorine won by resignation"]

1. e4 e6 2. d4 d5 3. Nd2 Nf6 4. e5 Nfd7 5. f4 c5 6. c3 Nc6 7. Ngf3 a5 8. a4 cxd4 9. cxd4 Nb4 10. Nb1 Nb8 11. Nc3 N8c6 12. Bb5 Be7 13. O-O Bd7 14. Be3 Na7 15. Be2 Rc8 16. Qd2 g6 17. b3 h5 18.
Rac1 Kf8 19. g3 Kg7 20. Kg2 b5 21. axb5 Rb8 22. h3 Nxb5 23. Na4 Na7 24. Nc5 Bb5 25.
g4 Bxe2 26. Qxe2 hxg4 27. hxg4 Bxc5 28. Rxc5 Rc8 29. f5 Rxc5 30. dxc5 Nac6 31. Bg5 Qxg5 32. Nxg5 1-0

[Event "*** Titled Tuesday Blitz"]
[Site "Chess.com"]
[Date "2020.03.03"]
[Round "2"]
[White "guillembaches"]
[Black "MikeSailer"]
[Result "1-0"]
[WhiteElo "2418"]
[BlackElo "2108"]
[TimeControl "180+1"]
[EndTime "13:17:48 PST"]
[Termination "guillembaches won by resignation"]

1. e4 d5 2. exd5 Qxd5 3. Nc3 Qd6 4. d4 Nf6 5. Nb5 Qe6+ 6. Qe2 Qxe2+ 7. Bxe2 Na6 8. Bf4 c6 9. Nc7+ Nxc7 10. Bxc7 Bf5 11.
O-O-O e6 12. Nf3 Nd5 13. Bg3 h6 14. a3 O-O-O 15. Ne5 Bg6 16. Nxg6 fxg6 17. Bg4 Re8 18. Rhe1 Kd7 19. Rxe6 Rxe6 20. Re1 Be7 21. Rxe6 Kd8 22. Rxg6 Bf6 23. Be5 Re8 24. c4 Bxe5 25. dxe5 Nf6 26. exf6 1-0

[Event "*** Titled Tuesday Blitz"]
[Site "Chess.com"]
[Date "2020.03.03"]
[Round "2"]
[White "RiskyDecision"]
[Black "vladislavkovalev"]
[Result "0-1"]
[WhiteElo "2628"]
[BlackElo "2911"]
[TimeControl "180+1"]
[EndTime "13:17:56 PST"]
[Termination "vladislavkovalev won by resignation"]

1. d4 Nf6 2. c4 g6 3. g3 Bg7 4. Bg2 O-O 5. Nc3 d6 6. Nf3 Nc6 7. O-O e5 8. dxe5 Nxe5 9. Nxe5 dxe5 10. Bg5 Qxd1 11. Rfxd1 h6 12. Be3 c6 13. b4 Be6 14.
b5 Rfc8 15. bxc6 bxc6 16. c5 Bf8 17. h3 Rab8 18. Rab1 Rxb1 19. Rxb1 Nd5 20. Ne4 Nxe3 21. fxe3 f5 22. Nd6 Bxd6 23. cxd6 Rd8 24. Rd1 e4 25. a3 Bd5 26. g4 Rxd6 27. gxf5 gxf5 28. Kh2 Kf7 29. Kg3 Kf6 30. Kf4 Rd7 31. h4 c5 32. Bh3 Be6 33. Rg1 c4 34. h5 Rg7 35.
Rc1 Rg5 0-1

[Event "*** Titled Tuesday Blitz"]
[Site "Chess.com"]
[Date "2020.03.03"]
[Round "2"]
[White "EugeneRougon"]
[Black "NMZanette"]
[Result "1-0"]
[WhiteElo "2693"]
[BlackElo "2264"]
[TimeControl "180+1"]
[EndTime "13:17:56 PST"]
[Termination "EugeneRougon won by resignation"]

1. e4 e5 2. Nf3 Nc6 3. Bb5 a6 4. Ba4 Nf6 5. O-O Nxe4 6. d4 b5 7. Bb3 d5 8. dxe5 Be6 9. c3 Bc5 10. Nbd2 O-O 11. Bc2 f5 12. Nb3 Bb6 13. Nfd4 Nxd4 14.
cxd4 c5 15. Bxe4 c4 16. Bc2 cxb3 17. Bxb3 Qh4 18. Be3 f4 19. g3 Qh3 20. Bxf4 Rxf4 21. gxf4 Rf8 22. Rc1 Rxf4 23. Rc3 Qh4 24. Rg3 Bxd4 25.
Qc2 Bxe5 26. Qc6 Rf6 27. Qe8+ 1-0

[Event "*** Titled Tuesday Blitz"]
[Site "Chess.com"]
[Date "2020.03.03"]
[Round "2"]
[White "Msb2"]
[Black "popov_m"]
[Result "1-0"]
[WhiteElo "2868"]
[BlackElo "2608"]
[TimeControl "180+1"]
[EndTime "13:17:58 PST"]
[Termination "Msb2 won by checkmate"]

1. d4 Nf6 2. Nf3 g6 3. c4 Bg7 4. Nc3 d6 5. e4 O-O 6. Be2 Na6 7. O-O e5 8. Be3 c6 9. d5 Ng4 10. Bg5 f6 11. Bh4 c5 12. Ne1 h5 13. a3 Nh6 14.
h3 Nc7 15. Nd3 Nf7 16. b4 b6 17. Rb1 Bh6 18. f4 exf4 19. Bxh5 gxh5 20. Nxf4 Bxf4 21. Rxf4 Ng5 22. Qxh5 Kg7 23. Bxg5 fxg5 24. Rxf8 Qxf8 25. Qxg5+ Kh7 26. Rf1 Qg7 27. Qh4+ Kg6 28. Rf3 Qd4+ 29. Kh1 Bd7 30. Rg3+ Kf7 31. Qh7+ Kf6 32. Qg7# 1-0

[Event "*** Titled Tuesday Blitz"]
[Site "Chess.com"]
[Date "2020.03.03"]
[Round "2"]
[White "WiniVidiVici"]
[Black "Imre91"]
[Result "0-1"]
[WhiteElo "2533"]
[BlackElo "2735"]
[TimeControl "180+1"]
[EndTime "13:18:05 PST"]
[Termination "Imre91 won by resignation"]

1. c4 c6 2. Nf3 d5 3. g3 Nf6 4. Bg2 g6 5. b3 Bg7 6. Bb2 O-O 7. O-O a5 8. Nc3 Bg4 9. d4 Bxf3 10. Bxf3 e6 11.
e3 Nbd7 12. Bg2 Qe7 13. a4 Rfd8 14. Ba3 Qe8 15. Qe2 Bf8 16. Bb2 Rac8 17. Rac1 Bg7 18. Rfd1 Nb6 19. Rc2 Qe7 20. Nb1 dxc4 21. Ba3 Qe8 22.
bxc4 Nxa4 23. Nd2 c5 24. Nb3 cxd4 25. exd4 b6 26. c5 Nd5 27. Qe1 bxc5 28. dxc5 Nac3 29. Rdc1 Qa4 0-1

[Event "*** Titled Tuesday Blitz"]
[Site "Chess.com"]
[Date "2020.03.03"]
[Round "2"]
[White "dlp300"]
[Black "MFBerna"]
[Result "1-0"]
[WhiteElo "2659"]
[BlackElo "2339"]
[TimeControl "180+1"]
[EndTime "13:18:06 PST"]
[Termination "dlp300 won by resignation"]

1. e4 c6 2. d4 d5 3. Nc3 dxe4 4.
Nxe4 Bf5 5. Ng3 Bg6 6. Nf3 Nd7 7.
h4 h6 8. h5 Bh7 9. Bd3 Bxd3 10. Qxd3 e6 11. Bf4 Qa5+ 12. Bd2 Qc7 13. O-O-O Ngf6 14. Rhe1 O-O-O 15. Kb1 Bd6 16. Ne4 Nxh5 17. g3 Nhf6 18.
Nxd6+ Qxd6 19. Bf4 Qd5 20. Qa3 a6 21. Ne5 Nxe5 22. Rxe5 Qd7 23. c4 g5 24. Be3 Ng4 25.
Rc5 Nxe3 26. fxe3 Kb8 27. b4 Qd6 28. b5 cxb5 29. cxb5 axb5 30. Rdc1 Qa6 31. Qb2 Rc8 32. d5 exd5 33. Qe5+ Ka7 34. Rxc8 Rxc8 35. Rxc8 Qg6+ 36. Kb2 1-0

[Event "*** Titled Tuesday Blitz"]
[Site "Chess.com"]
[Date "2020.03.03"]
[Round "2"]
[White "NM2019"]
[Black "Region_07"]
[Result "0-1"]
[WhiteElo "2020"]
[BlackElo "2400"]
[TimeControl "180+1"]
[EndTime "13:18:06 PST"]
[Termination "Region_07 won on time"]

1. e4 Nc6 2. f4 e6 3. Nf3 d5 4. e5 Nge7 5. d4 Nf5 6. Bd3 Nfxd4 7. O-O Bc5 8. Kh1 Nf5 9. Bxf5 exf5 10. c4 dxc4 11. Qxd8+ Nxd8 12. Nc3 Be6 13. Na4 Bb4 14.
a3 Be7 15. Be3 Nc6 16. Rac1 O-O-O 17. Nd2 Rd3 18. Rf3 b5 19. Nc3 a6 20. Rg3 Rhd8 21. Nf1 g6 22. Bf2 Na5 0-1

[Event "*** Titled Tuesday Blitz"]
[Site "Chess.com"]
[Date "2020.03.03"]
[Round "2"]
[White "Slovak_fighter2000"]
[Black "JustDazzled"]
[Result "1-0"]
[WhiteElo "2382"]
[BlackElo "1959"]
[TimeControl "180+1"]
[EndTime "13:18:07 PST"]
[Termination "Slovak_fighter2000 won by resignation"]

1. e4 g6 2. Nc3 Bg7 3. d4 c6 4.
Nf3 d5 5. h3 Nh6 6. Bd3 O-O 7.
O-O f6 8. Re1 Nf7 9. Qe2 e6 10.
Be3 Nd7 11. a4 f5 12. e5 h6 13. g4 Ng5 14. Bxg5 hxg5 15. Kg2 c5 16. Qe3 f4 17. Qd2 cxd4 18. Nb5 Nc5 19. Nbxd4 Nxd3 20. Qxd3 Kf7 21. Rad1 a6 22. c4 dxc4 23. Qxc4 Qb6 24. Nb3 Qc6 25. Qxc6 bxc6 26. Nc5 Rb8 27. Re2 Rb4 28. Nxg5+ Kg8 29. f3 Re8 30. Rd6 Bf8 31. Rxc6 Rc4 32. b4 a5 33. Rb6 Bxc5 34. bxc5 Rxc5 35. Ne4 Bd7 36. Nxc5 1-0

[Event "*** Titled Tuesday Blitz"]
[Site "Chess.com"]
[Date "2020.03.03"]
[Round "2"]
[White "marcodobrikov"]
[Black "Dhaydon19"]
[Result "1-0"]
[WhiteElo "2568"]
[BlackElo "2738"]
[TimeControl "180+1"]
[EndTime "13:18:08 PST"]
[Termination "marcodobrikov won by checkmate"]

1. e4 c6 2. Nf3 d5 3. Nc3 Bg4 4.
h3 Bxf3 5. Qxf3 e6 6. d3 Nf6 7. Bd2 Bd6 8. O-O-O Nbd7 9. g4 h6 10. Bg2 a6 11. Qe2 d4 12. Nb1 Qc7 13. Rdf1 Bf4 14. Qf3 Bxd2+ 15. Nxd2 O-O-O 16. Kb1 g5 17. Re1 Rdf8 18.
e5 Nd5 19. Qe4 Nf4 20. Bf3 c5 21. Nc4 Nd5 22. h4 Kb8 23. Nd6 f6 24. hxg5 hxg5 25. Rxh8 Rxh8 26. Nf7 Rf8 27. exf6 N7xf6 28. Qxe6 Qxf7 29.
Qe5+ Ka7 30. Qxg5 Nb4 31. Qxc5+ Kb8 32. Qxb4 Re8 33. Rxe8+ Nxe8 34. Be4 Qxf2 35. Qxb7# 1-0

[Event "*** Titled Tuesday Blitz"]
[Site "Chess.com"]
[Date "2020.03.03"]
[Round "2"]
[White "volcanoexplorer"]
[Black "LuisFSiles"]
[Result "1-0"]
[WhiteElo "2597"]
[BlackElo "2320"]
[TimeControl "180+1"]
[EndTime "13:18:12 PST"]
[Termination "volcanoexplorer won by checkmate"]

1. e4 c5 2. Nf3 d6 3. d4 cxd4 4. Nxd4 Nf6 5. Nc3 g6 6. h3 Bg7 7. g4 O-O 8. Be3 Nc6 9. Qd2 Bd7 10. O-O-O Nxd4 11. Bxd4 Qa5 12. Kb1 Rfc8 13. Bxf6 Bxf6 14. Nd5 Qxd2 15. Nxf6+ Kg7 16. Nh5+ gxh5 17. Rxd2 hxg4 18. hxg4 Rc5 19. Bd3 Rh8 20. f4 Bxg4 21. Rg2 h5 22. Be2 Rh6 23. f5 e6 24. Bxg4 hxg4 25. Rxg4+ Kh7 26. Rhg1 Rh2 27. Rg7+ Kh8 28. Rg8+ Kh7 29. f6 Kh6 30. Rh8# 1-0

[Event "*** Titled Tuesday Blitz"]
[Site "Chess.com"]
[Date "2020.03.03"]
[Round "2"]
[White "sergiochess83"]
[Black "VeraNebolsina"]
[Result "1-0"]
[WhiteElo "2953"]
[BlackElo "2367"]
[TimeControl "180+1"]
[EndTime "13:18:14 PST"]
[Termination "sergiochess83 won by resignation"]

1. e4 c5 2. Nf3 Nc6 3. Bb5 g6 4. O-O Bg7 5. c3 Nf6 6. Re1 O-O 7. d4 cxd4 8. cxd4 d5 9. e5 Ne4 10. Bxc6 bxc6 11. Be3 Bg4 12. h3 Be6 13. Nbd2 Rb8 14. Qc1 Qb6 15. b3 f5 16. exf6 exf6 17. Nxe4 dxe4 18.
d5 Qc7 19. dxe6 exf3 20. Qc4 Qe7 21. Bc5 1-0

[Event "*** Titled Tuesday Blitz"]
[Site "Chess.com"]
[Date "2020.03.03"]
[Round "2"]
[White "Zubrrr"]
[Black "Firouzja2003"]
[Result "0-1"]
[WhiteElo "2658"]
[BlackElo "3062"]
[TimeControl "180+1"]
[EndTime "13:18:15 PST"]
[Termination "Firouzja2003 won on time"]

1. c4 Nf6 2. g3 h5 3. h3 d5 4. cxd5 Qxd5 5. Nf3 Nc6 6. Nc3 Qa5 7. Bg2 Bf5 8. d3 Rd8 9. Bd2 Qb6 10. O-O e6 11. Na4 Qb5 12. Rc1 Be7 13. Nc3 Qa6 14. a3 O-O 15.
Qb3 Nd5 16. Rfd1 Bg6 17. Ne4 Bxe4 18. dxe4 Nf6 19. Qe3 Qb6 20. Qxb6 axb6 21. e5 Ne4 22. Be3 Bc5 23. Bxc5 Nxc5 24. Kf1 Nb3 25. Rxd8 Rxd8 26. Rb1 Nxe5 27. Ke1 Nc4 28. Rc1 Nxc1 0-1

[Event "*** Titled Tuesday Blitz"]
[Site "Chess.com"]
[Date "2020.03.03"]
[Round "2"]
[White "Konavets"]
[Black "DoHoChess"]
[Result "1-0"]
[WhiteElo "3026"]
[BlackElo "2651"]
[TimeControl "180+1"]
[EndTime "13:18:18 PST"]
[Termination "Konavets won by resignation"]

1. d4 d5 2. Nc3 Nf6 3. Bg5 c5 4.
dxc5 e6 5. Nf3 Bxc5 6. e3 O-O 7. Bd3 h6 8. Bh4 Nc6 9. O-O Be7 10. Re1 e5 11. Bxf6 Bxf6 12. Nxd5 Be6 13. c4 Be7 14. a3 a5 15. Qb3 a4 16. Qxb7 Bxd5 17. cxd5 Na5 18.
Qb5 Nb3 19. Rad1 Bd6 20. Nd2 Nc5 21. Ne4 Rb8 22. Qc4 Nxe4 23. Qxe4 f5 24. Qxa4 Rxb2 25.
Re2 Rb6 26. Rc2 e4 27. Be2 Qa8 28. Qxa8 Rxa8 29. Rc6 Rab8 30. a4 Bb4 31. Bb5 Kf7 32.
d6 Rxc6 33. Bxc6 Bxd6 34. a5 Bc5 35. a6 Rb2 36. g4 f4 37. a7 Bxa7 38. Rd7+ Kg6 39.
Rxa7 f3 40. Bxe4+ 1-0

[Event "*** Titled Tuesday Blitz"]
[Site "Chess.com"]
[Date "2020.03.03"]
[Round "2"]
[White "Gogolev_Artemy"]
[Black "PawnEatingZombie"]
[Result "1-0"]
[WhiteElo "2476"]
[BlackElo "2215"]
[TimeControl "180+1"]
[EndTime "13:18:19 PST"]
[Termination "Gogolev_Artemy won by resignation"]

1. d4 d5 2. c4 e6 3. Nf3 dxc4 4.
g3 b5 5. Bg2 Bb7 6. O-O Nd7 7.
a4 a6 8. Nc3 c6 9. b3 b4 10.
Ne4 c3 11. Bf4 Nb6 12. a5 Nd5 13. Bg5 Be7 14. Bxe7 Ngxe7 15. Nc5 Qc8 16. e4 Nf6 17. Ra4 Nd7 18. Rxb4 Nxc5 19. dxc5 O-O 20. Ne5 Qc7 21. Nc4 Rad8 22. Qc2 e5 23. Qxc3 f6 24. Nd6 Bc8 25. Rb6 Be6 26. b4 Rb8 27. Rd1 Nc8 28. Nxc8 Qxc8 29. Rd6 Rxb6 30. cxb6 1-0

[Event "*** Titled Tuesday Blitz"]
[Site "Chess.com"]
[Date "2020.03.03"]
[Round "2"]
[White "GCamachoMartinez"]
[Black "newauto"]
[Result "1-0"]
[WhiteElo "2392"]
[BlackElo "2013"]
[TimeControl "180+1"]
[EndTime "13:18:20 PST"]
[Termination "GCamachoMartinez won by resignation"]

1. d4 d5 2. c4 c6 3. cxd5 cxd5 4.
Bg5 Nc6 5. Nc3 Bf5 6. Nf3 Nf6 7.
Bxf6 exf6 8. e3 Be7 9. Qb3 O-O 10. Qxd5 Nb4 11. Qxf5 Re8 12. Be2 g6 13. Qb1 f5 14.
O-O Rc8 15. a3 Nd5 16. Nxd5 Qxd5 17. Bd3 f4 18. e4 Qh5 19. Qa2 g5 20. Ne5 g4 21.
Be2 f3 22. gxf3 gxf3 23. Bxf3 Qh3 24. Qxf7+ Kh8 25. Qf5 Rg8+ 26. Kh1 Qh4 27. Nf7+ Kg7 28. Rg1+ Kf8 29. Qxc8+ Kxf7 30. Qxg8+ Kf6 31. e5+ Kf5 32. Qg4+ 1-0

[Event "*** Titled Tuesday Blitz"]
[Site "Chess.com"]
[Date "2020.03.03"]
[Round "2"]
[White "Atanejhad"]
[Black "IMTominho"]
[Result "0-1"]
[WhiteElo "2586"]
[BlackElo "2816"]
[TimeControl "180+1"]
[EndTime "13:18:22 PST"]
[Termination "IMTominho won on time"]

1. e4 c5 2. Nf3 e6 3. d4 cxd4 4. Nxd4 a6 5. c4 Nf6 6. Nc3 Qc7 7. a3 b6 8. Be3 Bb7 9. Bd3 Be7 10. O-O d6 11. Qe2 Nbd7 12. b4 O-O 13. Rfc1 Ne5 14. f3 Nfd7 15. Rab1 Nxd3 16. Qxd3 Ne5 17. Qe2 Nxc4 18.
Ncb5 axb5 19. Nxb5 Qd7 20. Qxc4 d5 21. Qe2 Rfc8 22.
Bxb6 dxe4 23. fxe4 Bc6 24. Nd4 Qb7 25. Bc5 Bxe4 26.
Ra1 Bf6 27. Qf2 Rd8 28. Rd1 Rd5 29. Rd2 Rad8 30. Rad1 Rg5 0-1

[Event "*** Titled Tuesday Blitz"]
[Site "Chess.com"]
[Date "2020.03.03"]
[Round "2"]
[White "rogapa"]
[Black "karinachess1"]
[Result "1-0"]
[WhiteElo "2731"]
[BlackElo "2534"]
[TimeControl "180+1"]
[EndTime "13:18:25 PST"]
[Termination "rogapa won by resignation"]

1. e4 c5 2. Nf3 e6 3. d4 cxd4 4. Nxd4 a6 5. c4 Nf6 6. Nc3 Bb4 7. Qd3 Qc7 8. a3 Be7 9. Qg3 Qxg3 10. hxg3 d6 11. Be2 Nbd7 12. g4 Ne5 13. g5 Nfd7 14. f4 Nc6 15. Be3 Nxd4 16. Bxd4 Kf8 17. O-O-O b6 18.
Be3 Rb8 19. b4 Bb7 20. Kb2 a5 21. Kb3 axb4 22. axb4 f6 23. Nb5 Bxe4 24. Nxd6 Bxg2 25.
Rhg1 Ba8 26. Nb5 Rd8 27. Nc7 Kf7 28. Nxa8 Rxa8 29. Rxd7 1-0

[Event "*** Titled Tuesday Blitz"]
[Site "Chess.com"]
[Date "2020.03.03"]
[Round "2"]
[White "Danfii"]
[Black "chesstatour"]
[Result "1-0"]
[WhiteElo "2405"]
[BlackElo "2049"]
[TimeControl "180+1"]
[EndTime "13:18:25 PST"]
[Termination "Danfii won on time"]

1. e4 c6 2. d4 d5 3. e5 c5 4. dxc5 Nc6 5. Nf3 Bg4 6. c3 a5 7. Be3 e6 8. Bd4 Nge7 9. Nbd2 Nf5 10. h3 Bh5 11. g4 Nfxd4 12. cxd4 Bg6 13. Bb5 Be7 14. Qa4 Rc8 15. Rc1 O-O 16. O-O h5 17. Kg2 f6 18. Bxc6 bxc6 19. Qd1 Be4 20. Qe2 fxe5 21. Nxe4 dxe4 22. Qxe4 exd4 23. Qxe6+ Kh8 24. Ne5 1-0

[Event "*** Titled Tuesday Blitz"]
[Site "Chess.com"]
[Date "2020.03.03"]
[Round "2"]
[White "DACF2905"]
[Black "SubrotaBiswas"]
[Result "0-1"]
[WhiteElo "2201"]
[BlackElo "2475"]
[TimeControl "180+1"]
[EndTime "13:18:35 PST"]
[Termination "SubrotaBiswas won by resignation"]

1. c4 e6 2. g3 d5 3. cxd5 Nf6 4. dxe6 Bxe6 5. Bg2 Nc6 6. Nf3 Qd7 7. d4 O-O-O 8.
e3 Bb4+ 9. Bd2 Rhe8 10. a3 Bxd2+ 11. Nbxd2 Bh3 12. O-O h5 13. Rc1 Rh8 14. Qa4 h4 15. Rxc6 Bxg2 16. Ne5 hxg3 17. Nxd7 Bxc6 18. Qxc6 bxc6 19.
Nxf6 Rxh2 20. Ng4 Rh4 21. f3 Rdh8 22. Kg2 f5 23. Kxg3 fxg4 24. fxg4 Rh2 25. Nc4 g5 26. Kf3 Rf8+ 27. Kg3 Rfh8 28. Kf3 Rc2 29. Ke4 Rxc4 0-1

[Event "*** Titled Tuesday Blitz"]
[Site "Chess.com"]
[Date "2020.03.03"]
[Round "2"]
[White "szefru"]
[Black "moro182"]
[Result "0-1"]
[WhiteElo "2171"]
[BlackElo "2682"]
[TimeControl "180+1"]
[EndTime "13:18:37 PST"]
[Termination "moro182 won by resignation"]

1. Nf3 d5 2. g3 Nf6 3. Bg2 c5 4. b3 g6 5. Bb2 Bg7 6. O-O O-O 7.
d3 Nc6 8. Nbd2 Re8 9. e4 e5 10.
h3 d4 11. a4 a6 12. Nh2 Bd7 13. f4 Nh5 14. Rf3 exf4 15. gxf4 Qh4 16. Qe1 Qxe1+ 17. Rxe1 Nb4 18. Rc1 Bh6 19. Nc4 Nxf4 20. Rcf1 Nxg2 21. Rxf7 Be6 22. Rxb7 Ne3 23. Rf6 Nxc4 24. dxc4 Nxc2 25. Ba3 Nxa3 26. Nf3 d3 27. Kf2 Rad8 28. Ke1 d2+ 29.
Kd1 Nb1 0-1

[Event "*** Titled Tuesday Blitz"]
[Site "Chess.com"]
[Date "2020.03.03"]
[Round "2"]
[White "enzovsky"]
[Black "yoolund"]
[Result "1-0"]
[WhiteElo "2333"]
[BlackElo "2562"]
[TimeControl "180+1"]
[EndTime "13:18:38 PST"]
[Termination "enzovsky won by resignation"]

1. e4 g6 2. d4 Bg7 3. Nc3 d6 4. f4 a6 5. Nf3 b5 6. Bd3 Nd7 7.
e5 Nh6 8. a4 b4 9. Ne4 O-O 10.
O-O c5 11. f5 Nxf5 12. e6 fxe6 13. Neg5 Nf6 14. dxc5 Qc7 15. cxd6 exd6 16. Bxf5 exf5 17. Bf4 Qc5+ 18. Kh1 Nd5 19. Qd2 Nxf4 20. Qxf4 h6 21.
Nh3 Bb7 22. Rae1 Rae8 23. Rxe8 Rxe8 24. Nf2 Qe5 1-0

[Event "*** Titled Tuesday Blitz"]
[Site "Chess.com"]
[Date "2020.03.03"]
[Round "2"]
[White "Bad4life"]
[Black "boasovietica"]
[Result "1-0"]
[WhiteElo "2279"]
[BlackElo "2490"]
[TimeControl "180+1"]
[EndTime "13:18:38 PST"]
[Termination "Bad4life won by resignation"]

1. e4 c5 2. Nf3 Nc6 3. Bb5 e6 4.
Bxc6 bxc6 5. b3 Ne7 6. O-O Ng6 7. Bb2 d6 8. Re1 e5 9. c3 Be7 10. d4 cxd4 11. cxd4 O-O 12. h3 Bf6 13. Nc3 Re8 14. Qd2 Bb7 15. Rad1 exd4 16. Nxd4 d5 17. exd5 cxd5 18.
Nce2 Qb6 19. Nf5 Bxb2 20. Qxb2 Re5 21. Neg3 Rae8 22. Kh2 Qf6 23. Ne3 Nf4 24. Ng4 Rxe1 25. Nxf6+ gxf6 26. Rxe1 Rxe1 27. Qd2 1-0

[Event "*** Titled Tuesday Blitz"]
[Site "Chess.com"]
[Date "2020.03.03"]
[Round "2"]
[White "platy3"]
[Black "amiralfio"]
[Result "1-0"]
[WhiteElo "2856"]
[BlackElo "2607"]
[TimeControl "180+1"]
[EndTime "13:18:39 PST"]
[Termination "platy3 won by resignation"]

1. e4 c5 2. Nf3 d6 3. d4 Nf6 4. Nc3 cxd4 5. Nxd4 a6 6. Bd3 Bd7 7. O-O Nc6 8. Nxc6 Bxc6 9. a3 e6 10. f4 Be7 11. Qe2 O-O 12. Bd2 Rc8 13. Kh1 e5 14.
Rad1 Qb6 15. b3 Rfe8 16. Qf3 Nd7 17. Qh3 g6 18. f5 Nc5 19. fxg6 fxg6 20. Bc4+ d5 21.
Nxd5 Bxd5 22. Bxd5+ Kh8 23. Rf7 h5 24. Qe3 g5 25.
Rdf1 Qg6 26. Qe2 g4 27. Bc3 Nd7 28. Bb2 Bg5 29. Rxd7 1-0